Map: Orbital Shipyard

Players

llllllllllll

  • Race: Terran Terran
  • League: Silver

Javert - Winner!

  • Race: Zerg Zerg
  • League: Silver

VOD

Have the link to the VOD?

Description

Time

  • Played on: July 20, 2015, 12:17 a.m.
  • Length: 11:43
Show
View Real Time Build Order
Export as new Build Order

llllllllllll Terran 

Build Orders: Hellion Opening 

Get SALT Encoding   

  12  0:01  SCV  
  13  0:13  SCV  
  14  0:19  Supply Depot  
  14  0:25  SCV  
  15  0:29  Refinery  
  15  0:40  SCV  
  16  0:45  Barracks  
  16  0:52  SCV  
  17  1:04  SCV  
  18  1:16  SCV  
  19  1:28  SCV  
  20  1:33  Factory  
  20  1:36  Marine  
  21  1:43  Orbital Command  
  21  1:50  Supply Depot  
  21  1:54  Barracks Reactor  
  21  2:10  SCV  
  21  2:14  Command Center  
  22  2:22  Supply Depot, SCV  
  23  2:34  SCV  
  24  2:38  Hellion  
  24  2:39  Hellion, Barracks Tech Lab  
  28  2:47  SCV  
  29  2:53  Supply Depot  
  29  2:59  Widow Mine x2, Marauder  
  35  3:08  SCV  
  36  3:15  Supply Depot  
  36  3:20  Marauder  
  36  3:23  SCV  
  39  3:28  Supply Depot, Hellion  
  39  3:29  Hellion  
  43  3:50  Hellion x2  
  43  4:07  Marauder  
  45  4:11  Hellion x2  
  45  4:13  SCV  
  45  4:15  SCV  
  51  4:19  Refinery  
  51  4:22  Armory  
  51  4:24  Engineering Bay  
  51  4:27  Marine, Orbital Command  
  52  4:33  Hellion x2  
  49  4:46  Marauder  
  49  4:50  SCV  
  52  4:54  Hellion x2  
  52  4:55  SCV  
  57  5:02  SCV  
  57  5:04  Refinery  
  57  5:05  Refinery  
  58  5:07  SCV, Marauder  
  58  5:14  SCV  
  62  5:15  Supply Depot  
  62  5:16  Hellion x2  
  62  5:20  SCV  
  67  5:23  Terran Vehicle And Ship Armor Level 1  
  67  5:28  Marine  
  67  5:31  SCV  
  67  5:32  SCV  
  70  5:37  Hellion  
  72  5:43  SCV  
  72  5:45  Hellion  
  72  5:46  SCV  
  72  5:47  Marauder  
  78  5:55  SCV  
  79  5:57  Factory  
  79  5:58  SCV  
  79  6:01  Factory  
  80  6:04  Factory  
  78  6:12  Factory  
  78  6:20  Command Center  
  78  6:23  Supply Depot, Missile Turret  
  78  6:36  Missile Turret  
  78  6:42  Missile Turret  
  78  6:45  Missile Turret  
  78  6:46  Supply Depot  
  78  6:57  SCV x2  
  78  6:58  Factory Tech Lab x3  
  80  7:07  Supply Depot, Missile Turret  
  80  7:09  SCV x2, Supply Depot x2  
  82  7:24  Thor x2  
  82  7:26  Thor  
  100  7:32  Supply Depot, Missile Turret  
  100  7:33  Supply Depot  
  100  7:42  Supply Depot, Refinery  
  100  7:52  Terran Vehicle And Ship Armor Level 2  
  100  7:54  Planetary Fortress  
  100  7:55  SCV x2  
  102  8:05  Thor  
  102  8:07  SCV x2  
  102  8:12  Supply Depot  
  110  8:18  Thor  
  110  8:19  SCV  
  117  8:24  Missile Turret  
  117  8:34  Refinery  
  117  8:36  Supply Depot, SCV  
  117  8:37  SCV  
  119  8:42  SCV  
  119  8:44  Thor  
  119  8:46  Thor  
  132  8:54  SCV  
  133  8:56  Supply Depot  
  133  9:00  Thor  
  133  9:01  SCV  
  133  9:02  SCV  
  141  9:03  Missile Turret  
  141  9:06  SCV  
  142  9:13  SCV  
  142  9:14  SCV  
  144  9:20  Supply Depot, Thor  
  144  9:21  Marine x2  
  149  9:30  Supply Depot  
  149  9:32  SCV x2  
  149  9:35  Supply Depot  
  151  9:40  SCV  
  151  9:43  Supply Depot  
  151  9:44  SCV  
  165  9:52  Supply Depot  
  153  10:01  Supply Depot  
  153  10:02  Starport  
  153  10:09  Starport  
  153  10:15  Starport  
  153  10:17  Starport  
  153  10:27  Supply Depot  
  153  10:44  Starport Tech Lab  
  153  10:49  Starport Tech Lab  
  153  10:50  Command Center  
  99  11:13  Starport Tech Lab x2  
  99  11:16  Hellion x2  
Show
View Real Time Build Order
Export as new Build Order

Javert Zerg - Winner!

Build Orders: Hatch First, Lurkers, Zergling Baneling 

Get SALT Encoding   

  12  0:01  Drone  
  13  0:13  Overlord  
  13  0:19  Drone  
  14  0:32  Drone x2  
  16  0:36  Drone  
  17  0:53  Hatchery  
  17  0:56  Drone  
  17  1:00  Extractor  
  17  1:01  Drone  
  17  1:15  Spawning Pool  
  17  1:16  Drone  
  17  1:21  Drone  
  18  1:30  Drone  
  19  1:39  Drone  
  20  1:50  Overlord  
  20  2:02  Metabolic Boost  
  20  2:03  Queen  
  20  2:05  Queen  
  24  2:10  Drone x2  
  24  2:14  Drone  
  27  2:19  Drone  
  27  2:22  Drone  
  29  2:33  Drone  
  29  2:35  Drone  
  31  2:40  Drone  
  32  2:45  Overlord  
  32  2:52  Zergling x2  
  32  2:56  Zergling x2  
  34  2:59  Baneling Nest  
  34  3:01  Zergling x2  
  34  3:08  Zergling x2  
  35  3:14  Zergling x8  
  35  3:15  Zergling x10  
  44  3:27  Overlord x2  
  42  3:59  Drone x10  
  51  4:08  Baneling  
  51  4:09  Baneling x10  
  48  4:11  Zergling x6  
  51  4:21  Spore Crawler  
  50  4:31  Drone x3  
  45  4:49  Lair  
  45  4:51  Extractor  
  44  4:55  Extractor  
  44  4:57  Extractor  
  44  4:58  Zergling x16  
  50  5:09  Evolution Chamber  
  50  5:11  Evolution Chamber  
  50  5:12  Drone x2, Roach Warren  
  50  5:13  Drone  
  50  5:21  Hatchery  
  50  5:23  Burrow  
  50  5:24  Drone x9  
  58  5:41  Drone x2  
  60  5:43  Zerg Missile Weapons Level 1  
  60  5:47  Overseer  
  59  5:54  Overlord  
  59  5:56  Overlord x2  
  59  6:02  Hydralisk Den  
  58  6:06  Overlord x2  
  58  6:14  Zerg Ground Armor Level 1  
  58  6:15  Drone x8  
  66  6:25  Queen  
  66  6:29  Drone x3  
  71  6:33  Lurker Den, Queen  
  71  6:37  Drone x4  
  77  6:57  Drone x5  
  77  6:58  Drone x3  
  85  7:08  Overlord x3, Extractor  
  84  7:09  Queen  
  84  7:10  Extractor  
  84  7:31  Drone x5  
  84  7:32  Drone  
  84  7:34  Hydralisk x6  
  102  7:49  Hydralisk  
  102  7:50  Hydralisk x3  
  110  8:06  Lurker x6  
  116  8:13  Zerg Missile Weapons Level 2  
  116  8:15  Drone  
  116  8:16  Drone x5, Overlord x3  
  122  8:21  Extractor  
  122  8:23  Hatchery  
  122  8:25  Extractor  
  119  8:37  Hatchery, Hydralisk x6  
  119  8:38  Hydralisk x2  
  134  8:42  Muscular Augments  
  134  8:56  Spire  
  134  8:59  Baneling x2  
  134  9:00  Baneling x2  
  133  9:08  Drone x4  
  137  9:17  Infestation Pit  
  137  9:23  Extractor  
  133  9:27  Extractor  
  133  9:30  Hatchery  
  131  9:47  Spine Crawler  
  131  9:48  Spore Crawler  
  131  9:49  Spore Crawler  
  128  9:56  Lurker  
  128  9:57  Lurker x7  
  136  10:03  Overlord  
  137  10:07  Zergling x24  
  137  10:08  Zergling x14  
  137  10:09  Overlord x4  
  137  10:10  Overlord x5  
  155  10:28  Hive  
Tags
 
Add a new tag
Caveats
  • Supply blocks, unpowered buildings, or Contaminate may cause inaccurate times.
  • Supply counts are checked every 10 seconds.